| TOP OF THE 1ST |
|
Johnson City Cardinals batting - Pitching for Danville Braves : RHP Jesus Hernandez
|
|
Pitching: RHP Jesus Hernandez
|
|
|
Batting: SHB J.T. Ready
|
0-0: Ball 1-0: Ball 2-0: Foul Ball, location: 2F 2-1: Ball 3-1: SOLO HOME RUN (Flyball, 9D, EV 96.2 MPH), Distance : 361 ft
|
|
Batting: LHB Pete Mitchell
|
0-0: Swinging Strike 0-1: Ball 1-1: Ground out 5-3 (Groundball, 5, EV 83.8 MPH)
|
|
Batting: RHB Arnold Schuler
|
0-0: Ball 1-0: Fly out, F9 (Flyball, 9LM, EV 103.1 MPH)
|
|
Batting: LHB Rafael Banda
|
0-0: Ball 1-0: Ball 2-0: Foul Ball, location: 2F 2-1: Foul Ball, location: 2F 2-2: Foul Ball, location: 2F 2-2: Strikes out swinging
|
| Top of the 1st over - 1 run, 1 hit, 0 errors, 0 left on base; Johnson City 1 - Danville 0 |
| BOTTOM OF THE 1ST |
|
Danville Braves batting - Pitching for Johnson City Cardinals : RHP Joaquin Gonzales
|
|
Pitching: RHP Joaquin Gonzales
|
|
|
Batting: RHB Danny Dimas
|
0-0: Swinging Strike 0-1: Ground out 4-3 (Groundball, 4, EV 84.4 MPH)
|
|
Batting: RHB Paul Holland
|
0-0: Ground out 6-3 (Groundball, 56, EV 90.6 MPH)
|
|
Batting: RHB Richard Saquic
|
0-0: Ball 1-0: Foul Ball, location: 2F 1-1: Fly out, F4 (Popup, 4MD, EV 66.9 MPH)
|
| Bottom of the 1st over - 0 runs, 0 hits, 0 errors, 0 left on base; Johnson City 1 - Danville 0 |
| TOP OF THE 2ND |
|
Johnson City Cardinals batting - Pitching for Danville Braves : RHP Jesus Hernandez
|
|
Batting: LHB Doug Nebel
|
0-0: Called Strike 0-1: Ball 1-1: SINGLE (Line Drive, 7S, EV 105.6 MPH)
|
|
Batting: SHB Felipe Campanella
|
0-0: Foul Ball, location: 2F 0-1: Ball 1-1: SINGLE (Line Drive, 8LS, EV 99.4 MPH) Doug Nebel to second
|
|
Batting: RHB Seung-kab Park
|
0-0: 3-RUN HOME RUN (Flyball, 78XD, EV 96.9 MPH), Distance : 372 ft
|
|
Batting: RHB Kevin Kelly
|
0-0: SINGLE (Line Drive, 5D, EV 98.1 MPH)
|
|
Batting: RHB Jason Hunt
|
0-0: Called Strike Kevin Kelly steals 2nd, throwing error, E2 Kevin Kelly to third 0-1: Ball 1-1: Ball 2-1: Foul Ball, location: 2F 2-2: Ground out 5-3 (Groundball, 56S, EV 90.6 MPH) Kevin Kelly scores
|
|
Batting: SHB J.T. Ready
|
0-0: Ball 1-0: Fly out, F8 (Line Drive, 8LM, EV 95.0 MPH)
|
|
Batting: LHB Pete Mitchell
|
0-0: Foul Ball, location: 2F 0-1: Ball 1-1: Ball 2-1: Ground out 6-3 (Groundball, 6, EV 88.8 MPH)
|
| Top of the 2nd over - 4 runs, 4 hits, 1 error, 0 left on base; Johnson City 5 - Danville 0 |
| BOTTOM OF THE 2ND |
|
Danville Braves batting - Pitching for Johnson City Cardinals : RHP Joaquin Gonzales
|
|
Batting: RHB Rodolfo Cosme
|
0-0: Swinging Strike 0-1: DOUBLE (Flyball, 8RXD, EV 95.6 MPH)
|
|
Batting: RHB Roman Lauder
|
0-0: Called Strike 0-1: Ball 1-1: Foul Ball, location: 2F 1-2: Ball 2-2: Ball 3-2: Strikes out swinging
|
|
Batting: RHB Vicente Guillen
|
0-0: Ball 1-0: Called Strike 1-1: Ball 2-1: Ball 3-1: Base on Balls
|
|
Batting: RHB Alex Guerra
|
0-0: Called Strike 0-1: Fly out, F5 (Popup, 5SF, EV 78.8 MPH)
|
|
Batting: RHB Aaron Sartini
|
0-0: Ball 1-0: Called Strike 1-1: Ball 2-1: Foul Ball, location: 2F 2-2: Strikes out swinging
|
| Bottom of the 2nd over - 0 runs, 1 hit, 0 errors, 2 left on base; Johnson City 5 - Danville 0 |
| TOP OF THE 3RD |
|
Johnson City Cardinals batting - Pitching for Danville Braves : RHP Jesus Hernandez
|
|
Batting: RHB Arnold Schuler
|
0-0: Ball 1-0: Ball 2-0: Foul Ball, location: 2F 2-1: Ball 3-1: Base on Balls
|
|
Batting: LHB Rafael Banda
|
0-0: Called Strike 0-1: 2-RUN HOME RUN (Flyball, 9D, EV 102.5 MPH), Distance : 383 ft
|
|
Pitching: RHP Marc Focht
|
|
|
Batting: LHB Doug Nebel
|
0-0: Foul Ball, location: 2F 0-1: Hit by Pitch, AND HE CHARGES THE MOUND! The benches clear!
|
|
Pitching: RHP Alex Rosales
|
|
|
Pinch Runner at 1st Diego Herrera:
|
|
|
Batting: SHB Felipe Campanella
|
0-0: Called Strike 0-1: Ball 1-1: Foul Ball, location: 2F 1-2: Strikes out swinging
|
|
Batting: RHB Seung-kab Park
|
0-0: Ball 1-0: SINGLE (Groundball, 56D, EV 101.2 MPH) Diego Herrera to second
|
|
Batting: RHB Kevin Kelly
|
0-0: Called Strike 0-1: Foul Ball, location: 2F 0-2: Strikes out swinging
|
|
Batting: RHB Jason Hunt
|
0-0: Called Strike 0-1: Ball 1-1: Ball 2-1: Swinging Strike 2-2: Foul Ball, location: 2F 2-2: Strikes out swinging
|
| Top of the 3rd over - 2 runs, 2 hits, 0 errors, 2 left on base; Johnson City 7 - Danville 0 |
| BOTTOM OF THE 3RD |
|
Danville Braves batting - Pitching for Johnson City Cardinals : RHP Joaquin Gonzales
|
|
Now in LF: Diego Herrera
|
|
|
Batting: RHB Chad Starnes
|
0-0: Ball 1-0: Ground out U3 (Groundball, 3L, EV 85.6 MPH)
|
|
Batting: RHB Danny Dimas
|
0-0: Ball 1-0: Ball 2-0: Ball 3-0: Called Strike 3-1: Base on Balls
|
|
Batting: RHB Paul Holland
|
0-0: Called Strike 0-1: Ball 1-1: Foul Ball, location: 2F 1-2: Strikes out swinging
|
|
Batting: RHB Richard Saquic
|
0-0: SINGLE (Groundball, 4S, EV 70.6 MPH) (infield hit) Danny Dimas to second
|
|
Batting: RHB Rodolfo Cosme
|
0-0: Ball Wild Pitch! Danny Dimas to third Richard Saquic to second 1-0: Called Strike 1-1: Ball 2-1: Ball 3-1: Foul Ball, location: 2F 3-2: Base on Balls
|
|
Batting: RHB Roman Lauder
|
0-0: Ball 1-0: Swinging Strike 1-1: Fly out, F3 (Popup, 3S, EV 69.4 MPH)
|
| Bottom of the 3rd over - 0 runs, 1 hit, 0 errors, 3 left on base; Johnson City 7 - Danville 0 |
| TOP OF THE 4TH |
|
Johnson City Cardinals batting - Pitching for Danville Braves : RHP Alex Rosales
|
|
Batting: SHB J.T. Ready
|
0-0: Ball 1-0: Called Strike 1-1: Swinging Strike 1-2: Ball 2-2: Strikes out swinging
|
|
Batting: LHB Pete Mitchell
|
0-0: Called Strike 0-1: Ball 1-1: Foul Ball, location: 2F 1-2: Ball 2-2: Ball 3-2: Foul Ball, location: 2F 3-2: Fly out, F8 (Flyball, 8RD, EV 101.2 MPH)
|
|
Batting: RHB Arnold Schuler
|
0-0: Foul Ball, location: 2F 0-1: Ball 1-1: Ball 2-1: SINGLE (Line Drive, 8RS, EV 105.6 MPH)
|
|
Batting: LHB Rafael Banda
|
0-0: Called Strike 0-1: Ball 1-1: 2-RUN HOME RUN (Line Drive, 89XD, EV 102.5 MPH), Distance : 406 ft
|
|
Batting: RHB Diego Herrera
|
0-0: Ball 1-0: Called Strike 1-1: Called Strike 1-2: Ball 2-2: Strikes out swinging
|
| Top of the 4th over - 2 runs, 2 hits, 0 errors, 0 left on base; Johnson City 9 - Danville 0 |
| BOTTOM OF THE 4TH |
|
Danville Braves batting - Pitching for Johnson City Cardinals : RHP Joaquin Gonzales
|
|
Batting: RHB Vicente Guillen
|
0-0: Foul Ball, location: 2F 0-1: Called Strike 0-2: Ball 1-2: SINGLE (Groundball, 6S, EV 94.4 MPH)
|
|
Batting: RHB Alex Guerra
|
0-0: Fielders Choice at 2nd, 3-6 (Groundball, 3, EV 104.4 MPH)
|
|
Batting: RHB Aaron Sartini
|
0-0: Ball 1-0: Ball Alex Guerra steals 2nd base 2-0: Ball 3-0: Called Strike 3-1: Fly out, F3 (Line Drive, 34, EV 68.1 MPH)
|
|
Batting: RHB Chad Starnes
|
0-0: Fly out, F8 (Flyball, 8LD, EV 103.1 MPH)
|
| Bottom of the 4th over - 0 runs, 1 hit, 0 errors, 1 left on base; Johnson City 9 - Danville 0 |
| TOP OF THE 5TH |
|
Johnson City Cardinals batting - Pitching for Danville Braves : RHP Alex Rosales
|
|
Batting: SHB Felipe Campanella
|
0-0: Ball 1-0: Called Strike 1-1: Fly out, F8 (Flyball, 8RM, EV 93.1 MPH)
|
|
Pitching: LHP Joel Littlejohn
|
|
|
Batting: RHB Seung-kab Park
|
0-0: Ball 1-0: Ball 2-0: Ball 3-0: Called Strike 3-1: Base on Balls
|
|
Batting: RHB Kevin Kelly
|
0-0: Ball 1-0: Ball 2-0: SINGLE (Groundball, 6MD, EV 97.5 MPH) Seung-kab Park to second
|
|
Batting: RHB Jason Hunt
|
0-0: Called Strike 0-1: Ball Passed Ball! Seung-kab Park to third Kevin Kelly to second 1-1: Called Strike 1-2: Ball 2-2: Foul Ball, location: 2F 2-2: Strikes out swinging
|
|
Batting: SHB J.T. Ready
|
0-0: Ball 1-0: Foul Ball, location: 2F 1-1: Foul Ball, location: 2F 1-2: DOUBLE (Line Drive, 9LM, EV 107.5 MPH) Seung-kab Park scores Kevin Kelly scores
|
|
Batting: LHB Pete Mitchell
|
0-0: Ground out 6-3 (Groundball, 6MS, EV 68.1 MPH)
|
| Top of the 5th over - 2 runs, 2 hits, 0 errors, 1 left on base; Johnson City 11 - Danville 0 |
| BOTTOM OF THE 5TH |
|
Danville Braves batting - Pitching for Johnson City Cardinals : RHP Joaquin Gonzales
|
|
Batting: RHB Danny Dimas
|
0-0: Called Strike 0-1: Ball 1-1: TRIPLE (Line Drive, 89XD, EV 98.8 MPH)
|
|
Batting: RHB Paul Holland
|
0-0: Ball 1-0: SINGLE (Line Drive, 89S, EV 109.4 MPH) Danny Dimas scores
|
|
Batting: RHB Richard Saquic
|
0-0: Ball Paul Holland steals 2nd base 1-0: Fly out, F7 (Flyball, 7LDF, EV 91.2 MPH) Runner from 2nd tags up, SAFE at 3rd, no throw by LF
|
|
Batting: RHB Rodolfo Cosme
|
0-0: Called Strike 0-1: Foul Ball, location: 2F 0-2: Foul Ball, location: 2F 0-2: Ball 1-2: Fly out, F8 (Line Drive, 8LM, EV 95.6 MPH) Runner from 3rd tags up, SCORES, throw by CF
|
|
Batting: RHB Roman Lauder
|
0-0: Called Strike 0-1: Ball 1-1: Called Strike 1-2: Ball 2-2: Fly out, F7 (Flyball, 7D, EV 75.0 MPH)
|
| Bottom of the 5th over - 2 runs, 2 hits, 0 errors, 0 left on base; Johnson City 11 - Danville 2 |
| TOP OF THE 6TH |
|
Johnson City Cardinals batting - Pitching for Danville Braves : LHP Joel Littlejohn
|
|
Batting: RHB Arnold Schuler
|
0-0: Called Strike 0-1: SINGLE (Groundball, 56D, EV 100.0 MPH)
|
|
Batting: LHB Rafael Banda
|
0-0: Ball 1-0: Ball 2-0: Ball 3-0: Base on Balls Arnold Schuler to second
|
|
Batting: RHB Diego Herrera
|
0-0: Ball 1-0: Swinging Strike 1-1: Ball 2-1: Ball Passed Ball! Arnold Schuler to third Rafael Banda to second 3-1: Swinging Strike 3-2: Foul Ball, location: 2F 3-2: Strikes out swinging passed ball, reaches first! Arnold Schuler scores Rafael Banda to third
|
|
Batting: SHB Felipe Campanella
|
0-0: Ball 1-0: Ball 2-0: Foul Ball, location: 2F 2-1: Ball 3-1: SINGLE (Line Drive, 8RS, EV 106.2 MPH) Rafael Banda scores Diego Herrera to second
|
|
Batting: RHB Seung-kab Park
|
0-0: Called Strike 0-1: Called Strike 0-2: Foul Ball, location: 2F 0-2: Ball 1-2: Ball 2-2: Ball 3-2: DOUBLE (Groundball, 5L, EV 108.8 MPH) Diego Herrera scores Felipe Campanella to third
|
|
Pitching: RHP Jairo Picano
|
|
|
Batting: RHB Kevin Kelly
|
0-0: Foul Ball, location: 2F 0-1: Fly out, F9 (Flyball, 9LS, EV 84.4 MPH)
|
|
Batting: RHB Jason Hunt
|
0-0: Ground out 5-3 (Groundball, 56S, EV 87.5 MPH) Felipe Campanella scores
|
|
Batting: SHB J.T. Ready
|
0-0: Ball 1-0: Called Strike 1-1: Ball 2-1: Foul Ball, location: 2F 2-2: Ball 3-2: Ground out 6-3 (Groundball, 6, EV 101.9 MPH)
|
| Top of the 6th over - 4 runs, 3 hits, 0 errors, 1 left on base; Johnson City 15 - Danville 2 |
| BOTTOM OF THE 6TH |
|
Danville Braves batting - Pitching for Johnson City Cardinals : RHP Joaquin Gonzales
|
|
Batting: RHB Vicente Guillen
|
0-0: Swinging Strike 0-1: Foul Ball, location: 2F 0-2: Ball 1-2: Foul Ball, location: 2F 1-2: Fly out, F8 (Flyball, 8LD, EV 110.0 MPH)
|
|
Batting: RHB Alex Guerra
|
0-0: Foul Ball, location: 2F 0-1: Foul Ball, location: 2F 0-2: SINGLE (Groundball, 25, EV 69.4 MPH) (infield hit)
|
|
Batting: RHB Aaron Sartini
|
0-0: Ball 1-0: Called Strike 1-1: Called Strike 1-2: Fielders Choice at 2nd, 4-6 (Groundball, 34, EV 84.4 MPH)
|
|
Batting: RHB Chad Starnes
|
0-0: Ball 1-0: Ball 2-0: Fly out, F4 (Popup, 34, EV 65.6 MPH)
|
| Bottom of the 6th over - 0 runs, 1 hit, 0 errors, 1 left on base; Johnson City 15 - Danville 2 |
| TOP OF THE 7TH |
|
Johnson City Cardinals batting - Pitching for Danville Braves : RHP Jairo Picano
|
|
Batting: LHB Pete Mitchell
|
0-0: Fly out, F8 (Flyball, 8RD, EV 105.0 MPH)
|
|
Batting: RHB Arnold Schuler
|
0-0: Foul Ball, location: 2F 0-1: Foul Ball, location: 2F 0-2: Ball 1-2: Ball 2-2: Foul Ball, location: 2F 2-2: Ball 3-2: Base on Balls
|
|
Batting: LHB Rafael Banda
|
0-0: Foul Ball, location: 2F 0-1: Ball 1-1: Called Strike 1-2: Strikes out looking
|
|
Batting: RHB Diego Herrera
|
0-0: Called Strike 0-1: Ball 1-1: Ground out U3 (Groundball, 3, EV 90.6 MPH)
|
| Top of the 7th over - 0 runs, 0 hits, 0 errors, 1 left on base; Johnson City 15 - Danville 2 |
| BOTTOM OF THE 7TH |
|
Danville Braves batting - Pitching for Johnson City Cardinals : RHP Joaquin Gonzales
|
|
Batting: RHB Danny Dimas
|
0-0: Ground out 6-3 (Groundball, 6, EV 106.9 MPH)
|
|
Batting: RHB Paul Holland
|
0-0: Swinging Strike 0-1: Ground out U3 (Groundball, 3, EV 101.2 MPH)
|
|
Batting: RHB Jesus Diego
|
0-0: Ball 1-0: Ball 2-0: Fly out, F4 (Popup, 4S, EV 77.5 MPH)
|
| Bottom of the 7th over - 0 runs, 0 hits, 0 errors, 0 left on base; Johnson City 15 - Danville 2 |
| TOP OF THE 8TH |
|
Johnson City Cardinals batting - Pitching for Danville Braves : RHP Jairo Picano
|
|
Pitching: LHP Frank Donegan
|
|
|
Batting: SHB Felipe Campanella
|
0-0: Called Strike 0-1: Ball 1-1: Ground out 6-3 (Groundball, 6, EV 86.9 MPH)
|
|
Batting: RHB Seung-kab Park
|
0-0: Ball 1-0: Called Strike 1-1: Called Strike 1-2: Ball 2-2: Foul Ball, location: 2F 2-2: Strikes out swinging
|
|
Batting: RHB Kevin Kelly
|
0-0: Ball 1-0: Swinging Strike 1-1: Ball 2-1: Foul Ball, location: 2F 2-2: Ball 3-2: Strikes out swinging
|
| Top of the 8th over - 0 runs, 0 hits, 0 errors, 0 left on base; Johnson City 15 - Danville 2 |
| BOTTOM OF THE 8TH |
|
Danville Braves batting - Pitching for Johnson City Cardinals : RHP Joaquin Gonzales
|
|
Batting: RHB Rodolfo Cosme
|
0-0: Ball 1-0: Fly out, F8 (Flyball, 8LXD, EV 93.1 MPH)
|
|
Batting: RHB Roman Lauder
|
0-0: Ball 1-0: Fly out, F6 (Popup, 6S, EV 71.2 MPH)
|
|
Batting: RHB Vicente Guillen
|
0-0: Ball 1-0: Called Strike 1-1: Foul Ball, location: 2F 1-2: Ball 2-2: Foul Ball, location: 2F 2-2: Strikes out swinging
|
| Bottom of the 8th over - 0 runs, 0 hits, 0 errors, 0 left on base; Johnson City 15 - Danville 2 |
| TOP OF THE 9TH |
|
Johnson City Cardinals batting - Pitching for Danville Braves : LHP Frank Donegan
|
|
Batting: RHB Jason Hunt
|
0-0: Swinging Strike 0-1: Called Strike 0-2: Fly out, F8 (Flyball, 89S, EV 93.1 MPH)
|
|
Batting: SHB J.T. Ready
|
0-0: Called Strike 0-1: Ball 1-1: Ball 2-1: Swinging Strike 2-2: Strikes out swinging
|
|
Batting: LHB Pete Mitchell
|
0-0: Fly out, F7 (Flyball, 7LD, EV 89.4 MPH)
|
| Top of the 9th over - 0 runs, 0 hits, 0 errors, 0 left on base; Johnson City 15 - Danville 2 |
| BOTTOM OF THE 9TH |
|
Danville Braves batting - Pitching for Johnson City Cardinals : RHP Joaquin Gonzales
|
|
Batting: RHB Alex Guerra
|
0-0: Ball 1-0: Swinging Strike 1-1: Ball 2-1: Ball 3-1: Base on Balls
|
|
Pinch Hitting: RHB Mennad Maalik
|
0-0: Fielders Choice at 2nd, 3-6 (Groundball, 3, EV 82.5 MPH)
|
|
Pinch Hitting: LHB Roger Shearing
|
0-0: Ball 1-0: Called Strike 1-1: Swinging Strike 1-2: Strikes out swinging
|
|
Batting: RHB Danny Dimas
|
0-0: Called Strike 0-1: Fly out, F8 (Flyball, 8RM, EV 87.5 MPH)
|
| Bottom of the 9th over - 0 runs, 0 hits, 0 errors, 1 left on base; Johnson City 15 - Danville 2 |
|